 Dungeon Crawl Stone Soup version 0.31-a0-256-g80acddb972 (webtiles) character file.

Game seed: 9364786903918974334

17 Morbidden the Changeling (level 2, 22/22 HPs)
             Began as a Demonspawn Shapeshifter on July 13, 2023.
             Quit the game on level 2 of the Dungeon.
             The game lasted 00:00:42 (1105 turns).

Morbidden the Changeling (Demonspawn Shapeshifter)  Turns: 1105, Time: 00:00:42

Health: 22/22      AC:  4    Str: 15    XL:     2   Next: 44%
Magic:  2/2        EV: 12    Int:  9    God:
Gold:   75         SH:  0    Dex: 13    Spells: 1/1 levels left

rFire   . .          .
                       - Unarmed
rCold   . . .        (no shield)
rNeg    . . .        a - +0 animal skin
rPois   .            (helmet currently unavailable)
rElec   .            (cloak currently unavailable)
rCorr   .            (gloves currently unavailable)
SInv    .            (boots currently unavailable)
Will    .....        (no amulet)
Stlth   +            (no ring)
HPRegen 0.23/turn    (no ring)
MPRegen 0.08/turn

%: no passive effects
@: beast-form
A: beast (slay +2), molten scales 1
a: no special abilities


You were on level 2 of the Dungeon.
You were a hulking beast.
You visited 1 branch of the dungeon, and saw 2 of its levels.

You collected 75 gold pieces.

Inventory:

Missiles
 i - 25 stones (quivered)
 j - 5 poisoned darts
Armour
 a - a +0 animal skin (worn)
Jewellery
 g - a ring of willpower
Talismans
 c - a beast talisman
Scrolls
 d - a scroll of teleportation {unknown}
 f - a scroll of vulnerability {unknown}
 k - a scroll of revelation {unknown}
Potions
 b - a potion of lignification
 e - 3 potions of might {unknown}
 h - a potion of haste {unknown}


   Skills:
 * Level 2.0 Fighting
 * Level 2.0 Dodging
 * Level 2.0 Unarmed Combat
 * Level 3.0 Shapeshifting


You had one spell level left.
You didn't know any spells.
Your spell library contained the following spells:

 Spells                   Type           Power      Damage    Failure   Level
 Apportation              Tloc           0%         N/A       38%         1
 Necrotise                Necr           0%         1d4       38%         1
 Summon Small Mammal      Summ           0%         N/A       38%         1


Dungeon Overview and Level Annotations

Branches:
Dungeon (2/15)

Altars:


Innate Abilities, Weirdness & Mutations

You are a hulking beast.
Your limbs bulge with bestial killing power. (Slay +2)
You are partially covered in molten scales. (AC +2)


Message History

An adder is nearby!
You hit the adder.
The adder is moderately wounded.
The adder barely misses you.
Unknown command.
An adder is nearby!
You hit the adder but do no damage.
The adder is moderately wounded.
The adder bites you but does no damage.
Unknown command.
An adder is nearby!
You hit the adder.
The adder is severely wounded.
The adder misses you. The adder barely misses you.
Unknown command.
You hit the adder.
You kill the adder!
Your Dodging skill increases to level 2!
Your Unarmed Combat skill increases to level 2!
Your Shapeshifting skill increases to level 3!
You have reached level 2!
Your demonic ancestry asserts itself...
Molten scales grow over part of your body.
No target in view!
Unknown command.
No target in view!
Unknown command.
No target in view!
Unknown command.
No target in view!
Unknown command.
No target in view!
You open the door.
There is an open door here.
There is an open door here.
A frilled lizard comes into view.
A frilled lizard is nearby!
A frilled lizard is nearby!
A frilled lizard is nearby!
Are you sure you want to abandon this character and quit the game? (Confirm with "yes".)

#.# #.# #.## #.# #..#
##'# ##.# ##...
#####.##### ##....
#.........###.....
.######.##....#.##......
.l...............'......
#h##....#.##......
#.##....#.###.....
#.......#.# ##....
####......# ##...
###.#### ##'# #.# #.#
#.# #.# #.# ##.#
#.########...


You could see a frilled lizard (asleep).

Vanquished Creatures
  An adder (D:2)
  An endoplasm (D:1)
  3 goblins
  A hobgoblin (D:2)
  2 bats (D:2)
8 creatures vanquished.

Notes
Turn   | Place    | Note
-------+----------+-------------------------------------------
     0 | D:1      | Morbidden the Demonspawn Shapeshifter began the quest for
                  | the Orb.
     0 | D:1      | Reached XP level 1. HP: 16/16 MP: 1/1
   305 | D:1      | Found a faded altar of an unknown god.
  1081 | D:2      | Reached skill level 3 in Shapeshifting
  1081 | D:2      | Gained mutation: You are partially covered in molten
                  | scales. (AC +2) [demonic ancestry]
  1081 | D:2      | Reached XP level 2. HP: 22/22 MP: 2/2
  1105 | D:2      | Quit the game

Illustrated notes

Levels and vault maps discovered:
D:1:      giann_forest_graveyard, layout_loops_corners,
          shapermc_ecumenical_altar_mp_ritualfount
D:2:      layout_loops_corners, basic_altar

Skill      XL: |  1 |
---------------+----+-----
Dodging        | 2 |  2.0
Unarmed Combat | 2 |  2.0
Shapeshifting  | 3 |  3.0
Fighting       | |  2.0

Action                     || total
---------------------------++-------
  Melee: Unarmed           ||    31
 Armour: Animal skin       ||     9
  Dodge: Dodged            ||    23

Table legend: (Time is in decaauts)
 A = Elapsed time spent in this place.
 B = Non-inter-level travel time spent in this place.
 C = Inter-level travel time spent in this place.
 D = Time resting spent in this place.
 E = Time spent auto-exploring this place.
 F = Levels seen in this place.
 G = Mean time per level.
                   A        B        C        D        E       F      G
               +--------+--------+--------+--------+--------+-----+--------+
         Total |   1103 |   1046 |     57 |      0 |    933 |   2 |  551.5 |
       Dungeon |   1103 |   1046 |     57 |      0 |    933 |   2 |  551.5 |
               +--------+--------+--------+--------+--------+-----+--------+

Top non-repeatable levels by time:
     D:1: 812 daAuts
     D:2: 290 daAuts
